 Dungeon Crawl Stone Soup version 0.20.1-1-g8b1a95d (webtiles) character file.

152 Jazqa the Skirmisher (level 5, -1/35 HPs)
             Began as a Gargoyle Berserker on Nov 1, 2017.
             Was a Believer of Trog.
             Slain by an orc
             ... wielding a +0 flail
              (7 damage)
             ... on level 3 of the Dungeon.
             The game lasted 00:03:10 (1421 turns).

Jazqa the Skirmisher (Gargoyle Berserker)           Turns: 1421, Time: 00:03:11

Health: -1/35      AC: 11    Str: 20    XL:     5   Next: 34%
Magic:  5/5        EV: 10    Int:  8    God:    Trog [**....]
Gold:   103        SH:  3    Dex: 10    Spells: 4/4 levels left

rFire    . . .     SeeInvis .   a - +0 mace
rCold    . . .     Gourm    .   j - +0 buckler
rNeg     + . .     Faith    .   n - +0 ring mail
rPois    ∞         Spirit   .   (no helmet)
rElec    +         Reflect  .   (no cloak)
rCorr    .         Harm     .   f - +1 pair of gloves
MR       ++...                  (no boots)
Stlth    ..........             (no amulet)
Regen    1.2/turn               (no ring)
MPRegen  0.1/turn               (no ring)

@: berserk cooldown, regenerating, slowed, very slow
A: negative energy resistance 1, electricity resistance, unbreathing,
petrification resistance, rot immunity, AC +4
a: Berserk, Trog's Hand, Burn Spellbooks, Renounce Religion


You were on level 3 of the Dungeon.
You worshipped Trog.
Trog was pleased with you.
You were very hungry.

You visited 1 branch of the dungeon, and saw 3 of its levels.

You collected 103 gold pieces.


Innate Abilities, Weirdness & Mutations

You are resistant to torment.
Your stone body is resilient. (AC +4)
You are immune to poison.
You resist negative energy. (rN+)
You are resistant to electric shocks. (rElec)
You can survive without breathing.
You are immune to petrification.
You are immune to rotting.


   Skills:
 + Level 5.2 Fighting
 + Level 4.5 Maces & Flails
 - Level 2.1 Armour
 - Level 1.5 Dodging


You had 4 spell levels left.
You didn't know any spells.

Inventory:

Hand Weapons
 a - a +0 mace (weapon)
Armour
 f - a +1 pair of gloves (worn)
 j - a +0 buckler (worn)
 n - a +0 ring mail (worn)
Scrolls
 h - a scroll of enchant armour
 k - 2 scrolls of remove curse {@r2}
Potions
 e - a potion of resistance {unknown}
 g - a potion of curing {unknown}
 i - 2 potions of might
 l - 2 potions of heal wounds {@q2}
 o - a potion of cancellation {unknown}
 p - a potion of ambrosia {unknown}
Comestibles
 b - 2 meat rations {@e1}
 c - 2 bread rations {@e1}

Dungeon Overview and Level Annotations

Branches:
Dungeon (3/15)

Altars:
Gozag
Qazlal
Uskayaw

##.##.# #[....#
###....⌠##
........#
#.⌠.>...#
###.#..o.[(.###
......ooo.⌠....
#@oo.# #o##/#
#.###†##.#
#........#
#####.########
#.........
#..######
###..####
#.......#


You could see an orc wizard and 6 orcs.


Message History

The puff of frost hits you!
* * * LOW HITPOINT WARNING * * *
The orc hits you but does no damage. The orc hits you with a flail.
* * * LOW HITPOINT WARNING * * *
The orc barely misses you.
You barely miss the orc.
The orc is lightly wounded.
The orc completely misses you.
The orc wizard hits you but does no damage.
The orc hits you but does no damage. The orc barely misses you.
The orc hits you but does no damage. The orc barely misses you.
The orc wizard gestures wildly while chanting.
The orc wizard seems to speed up.
The orc hits you with a whip.
* * * LOW HITPOINT WARNING * * *
The orc hits you but does no damage.
Unknown command.
Use which ability? (? or * to list) You're still recovering from your berserk rage.
Unknown command.
Use which ability? (? or * to list)
Your skin crawls.
You feel resistant to hostile enchantments.
You feel somewhat more hungry.
The orc wizard hits you but does no damage.
You block the orc's attack. The orc hits you but does no damage.
The orc completely misses you.
The orc wizard points at you and mumbles some strange words.
The magic dart hits you! The orc hits you but does no damage.
The orc hits you with a flail!
You die...

Skill      XL: |  1  2  3  4 |
---------------+-------------+-----
Fighting       | 4 5 |  5.2
Maces & Flails | 4 |  4.5
Armour         | |  2.1
Dodging        | |  1.5

Action                   |  1- 3 |  4- 6 || total
-------------------------+-------+-------++-------
Melee: Mace              |    72 |    95 ||   167
Invok: Berserk           |     1 |     3 ||     4
       Trog's Hand       |       |     1 ||     1
  Use: Scroll            |       |     8 ||     8
  Eat: Chunk             |       |     5 ||     5
Armor: Animal skin       |    31 |       ||    31
       Ring mail         |     7 |    79 ||    86
Dodge: Dodged            |    57 |    77 ||   134
Block: Buckler           |     8 |    26 ||    34

Vault maps used:
D:1:      scummos_arrival_star, hangedman_decor_lopped
D:2:      overflow_temple_1_default, chequers_temple_overflow_statue_of_worship,
          grunt_ministairs_12, minmay_goblin_outpost
D:3:      grunt_ministairs_1

Notes
Turn   | Place    | Note
-------+----------+-------------------------------------------
     0 | D:1      | Jazqa the Gargoyle Berserker began the quest for the Orb.
     0 | D:1      | Reached XP level 1. HP: 14/14 MP: 1/1
    29 | D:1      | Reached XP level 2. HP: 19/19 MP: 2/2
   511 | D:2      | Reached skill level 4 in Fighting
   515 | D:2      | Reached XP level 3. HP: 24/24 MP: 3/3
   568 | D:2      | Found an opulent altar of Gozag.
   572 | D:2      | Found a stormy altar of Qazlal.
   599 | D:2      | Found a hide-covered altar of Uskayaw.
   653 | D:2      | Reached XP level 4. HP: 23/30 MP: 4/4
   748 | D:2      | Reached ** piety under Trog
   759 | D:2      | Reached skill level 4 in Maces & Flails
  1409 | D:3      | Reached skill level 5 in Fighting
  1409 | D:3      | Reached XP level 5. HP: 35/35 MP: 5/5
  1421 | D:3      | Slain by an orc

Vanquished Creatures
  2 orc wizards (D:3)
  A gnoll (D:1)
  5 adders (D:2)
  A leopard gecko (D:2)
  4 bats
  3 giant cockroaches
  5 goblins
  15 hobgoblins
  2 jackals (D:3)
  A quokka (D:3)
  5 frilled lizards
  3 kobolds
  6 rats
53 creatures vanquished.
